 Dungeon Crawl Stone Soup version 0.29-a0-341-g24ffce5b50 (webtiles) character file.

Game seed: 6555387694312738567

24 jimonade the Magician (level 3, 0/25 HPs)
             Began as a Gnoll Hedge Wizard on Apr 21, 2022.
             Slain by a ball python (3 damage)
             ... on level 1 of the Dungeon.
             The game lasted 00:01:54 (711 turns).

jimonade the Magician (Gnoll Hedge Wizard)           Turns: 711, Time: 00:01:56

Health: 0/25       AC:  2    Str: 11    XL:     3   Next: 2%
Magic:  7/11       EV: 13    Int: 13    God:
Gold:   18         SH:  0    Dex: 11    Spells: 15/16 levels left

rFire   . . .      SeeInvis .   h - +2 dagger (vamp)
rCold   . . .      Faith    .   (no shield)
rNeg    . . .      Spirit   .   b - +0 robe
rPois   .          Reflect  .   c - +0 hat
rElec   .          Harm     .   (no cloak)
rCorr   .          Rampage  .   (no gloves)
Will    .....                   (no boots)
Stlth   ++........              (no amulet)
HPRegen 0.08/turn               (no ring)
MPRegen 0.12/turn               (no ring)

@: no status effects
A: fangs 1, strong nose, distributed training
a: no special abilities


You were on level 1 of the Dungeon.
You visited 1 branch of the dungeon, and saw 1 of its levels.

You collected 18 gold pieces.

Inventory:

Hand Weapons
 h - a +2 vampiric dagger (weapon)
Missiles
 g - 44 stones
Armour
 b - a +0 robe (worn)
 c - a +0 hat (worn)
 i - a +0 leather armour
Scrolls
 a - a scroll of summoning {unknown}
 f - a scroll of amnesia {unknown}
Potions
 d - a potion of magic
 e - a potion of attraction {unknown}
 j - 2 potions of heal wounds {unknown}


   Skills:
 + Level 0.5 Fighting
 + Level 0.5 Short Blades
 + Level 0.5 Long Blades
 + Level 0.5 Axes
 + Level 0.5 Maces & Flails
 + Level 0.5 Polearms
 + Level 0.5 Staves
 + Level 0.5 Slings
 + Level 0.5 Bows
 + Level 0.5 Crossbows
 + Level 0.5 Throwing
 + Level 0.5 Armour
 + Level 4.5 Dodging
 + Level 4.1 Stealth
 + Level 0.5 Shields
 + Level 0.5 Unarmed Combat
 + Level 7.1 Spellcasting
 + Level 2.0 Conjurations
 + Level 0.4 Hexes
 + Level 2.0 Summonings
 + Level 0.4 Necromancy
 + Level 2.0 Translocations
 + Level 0.4 Transmutations
 + Level 0.4 Fire Magic
 + Level 0.4 Ice Magic
 + Level 0.4 Air Magic
 + Level 0.4 Earth Magic
 + Level 0.4 Poison Magic
 + Level 0.7 Invocations
 + Level 0.5 Evocations


You had 15 spell levels left.
You knew the following spells:

 Your Spells              Type           Power      Damage    Failure   Level
a - Magic Dart            Conj           40%        1d5       6%          1

Your spell library contained the following spells:

 Spells                   Type           Power      Damage    Failure   Level
 Blink                    Tloc           20%        N/A       10%         2
 Call Imp                 Summ           10%        N/A       10%         2
 Slow                     Hex            20%        N/A       13%         1
 Conjure Flame            Conj/Fire      7%         6-21      26%         3
 Mephitic Cloud           Conj/Pois/Air  7%         N/A       30%         3
 Confusing Touch          Hex            5%         N/A       36%         3
 Yara's Violent Unravell  Hex/Tmut       2%         3d3       98%         5
 Enfeeble                 Hex            2%         N/A       100%        7


Dungeon Overview and Level Annotations

Branches:
Dungeon (1/15)

Altars:

Shops:
D:1 !


Innate Abilities, Weirdness & Mutations

You have very sharp teeth.
Your uncanny sense of smell can sniff out nearby items.
Your experience applies equally to all skills.


Message History

The quokka is lightly wounded.
The quokka closely misses you.
You hit the quokka.
The quokka is moderately wounded.
The quokka bites you.
You closely miss the quokka.
The quokka is moderately wounded.
The quokka bites you.
* * * LOW HITPOINT WARNING * * *
The quokka barely misses you.
Aiming: Magic Dart (safe; 6% risk of failure)
Press: ? - help, Q - select action, (/) - cycle Shift-Dir - straight line, f/p - quokka
Aim: a quokka (lightly wounded, 100% to hit)
The magic dart hits the quokka.
The quokka is severely wounded.
The quokka closely misses you.
Aiming: Magic Dart (safe; 6% risk of failure)
Press: ? - help, Q - select action, (/) - cycle Shift-Dir - straight line, f/p - quokka
Aim: a quokka (severely wounded, 100% to hit)
The magic dart hits the quokka.
You kill the quokka!
You have reached level 3!
Your experience leads to an increase in your attributes!
Increase (S)trength, (I)ntelligence, or (D)exterity?
You feel stronger. x2
You barely miss the rat. You bite the rat.
The rat is moderately wounded.
The rat bites you.
* * * LOW HITPOINT WARNING * * *
You hit the rat.
The rat is severely wounded.
The rat bites you.
* * * LOW HITPOINT WARNING * * *
Aiming: Magic Dart (safe; 6% risk of failure)
Press: ? - help, Q - select action, (/) - cycle Shift-Dir - straight line, f - rat
Aim: a rat (severely wounded, 100% to hit)
The magic dart hits the rat.
You kill the rat!
The ball python bites you.
You die...

#.. .... #.####..#
#.##....# #.##.#.#
#.##.#.######
#.##.#.##....
######.##.#.##....
#.................
#@###.............
#S# #.########....
###.###.# ####....
#.....#.# #....)..
#.....#.# #.###.##
#.....#.# # #.##
#.....#.# #.#.
#....!# #.##
#####># ##.##


You could see a ball python.

Vanquished Creatures
  2 ball pythons (D:1)
  2 endoplasms (D:1)
  2 jackals (D:1)
  4 kobolds (D:1)
  2 quokkas (D:1)
  A bat (D:1)
  A frilled lizard (D:1)
  5 goblins (D:1)
  2 rats (D:1)
21 creatures vanquished.

Notes
Turn   | Place    | Note
-------+----------+-------------------------------------------
     0 | D:1      | jimonade the Gnoll Hedge Wizard began the quest for the
                  | Orb.
     0 | D:1      | Reached XP level 1. HP: 13/13 MP: 8/8
   193 | D:1      | Reached XP level 2. HP: 19/19 MP: 6/10
   578 | D:1      | Found Maododghetas's Distillery.
   709 | D:1      | Reached XP level 3. HP: 7/25 MP: 7/11
   711 | D:1      | Slain by a ball python

Illustrated notes

Levels and vault maps discovered:
D:1:      dpeg_arrival_lava_temple_mockup, layout_loops_ring,
          hellmonk_ecumenical_altar_leap_of_faith, serial_shops,
          nicolae_shop_waterfront

Skill      XL: |  1 |
---------------+----+-----
Conjurations   | 2 |  2.0
Summonings     | 2 |  2.0
Translocations | 2 |  2.0
Fighting       | |  0.5
Short Blades   | |  0.5
Long Blades    | |  0.5
Axes           | |  0.5
Maces & Flails | |  0.5
Polearms       | |  0.5
Staves         | |  0.5
Slings         | |  0.5
Bows           | |  0.5
Crossbows      | |  0.5
Throwing       | |  0.5
Armour         | |  0.5
Dodging        | |  4.5
Stealth        | |  4.1
Shields        | |  0.5
Unarmed Combat | |  0.5
Spellcasting   | |  7.1
Hexes          | |  0.4
Necromancy     | |  0.4
Transmutations | |  0.4
Fire Magic     | |  0.4
Ice Magic      | |  0.4
Air Magic      | |  0.4
Earth Magic    | |  0.4
Poison Magic   | |  0.4
Invocations    | |  0.7
Evocations     | |  0.5

Action                   || total
-------------------------++-------
Melee: Dagger            ||     8
       Bite              ||     1
 Cast: Magic Dart        ||    49
Armor: Robe              ||     5
Dodge: Dodged            ||    12

Table legend: (Time is in decaauts)
 A = Elapsed time spent in this place.
 B = Non-inter-level travel time spent in this place.
 C = Inter-level travel time spent in this place.
 D = Time resting spent in this place.
 E = Time spent auto-exploring this place.
 F = Levels seen in this place.
 G = Mean time per level.
                   A        B        C        D        E       F      G
               +--------+--------+--------+--------+--------+-----+--------+
         Total |    710 |    710 |      0 |     38 |    534 |   1 |  710.0 |
       Dungeon |    710 |    710 |      0 |     38 |    534 |   1 |  710.0 |
               +--------+--------+--------+--------+--------+-----+--------+

Top non-repeatable levels by time:
     D:1: 710 daAuts
